 Dungeon Crawl Stone Soup version 0.24.1-14-gf8d2b509d9 (webtiles) character file.

Game seed: 13195858048929787305, levelgen mode: deterministic

261 Peloso the Shield-Bearer (level 6, -1/53 HPs)
             Began as a Gnoll Fighter on May 30, 2020.
             Slain by a mummy (17 damage)
             ... on level 4 of the Dungeon.
             The game lasted 00:06:40 (2830 turns).

Peloso the Shield-Bearer (Gnoll Fighter)            Turns: 2830, Time: 00:06:41

Health: -1/53      AC:  7    Str: 20    XL:     6   Next: 18%
Magic:  8/8        EV:  9    Int: 11    God:
Gold:   158        SH: 11    Dex: 14    Spells: 8/8 levels left

rFire    . . .     SeeInvis .   a - +0 long sword
rCold    . . .     Gourm    .   c - +0 shield
rNeg     . . .     Faith    .   b - +0 scale mail
rPois    .         Spirit   .   (no helmet)
rElec    .         Reflect  .   (no cloak)
rCorr    .         Harm     .   (no gloves)
MR       .....                  (no boots)
Stlth    +.........             (no amulet)
HPRegen  0.17/turn              (no ring)
MPRegen  0.11/turn              (no ring)

@: no status effects
A: distributed training, fangs 1, strong nose
a: no special abilities


You were on level 4 of the Dungeon.
You were hungry.

You visited 1 branch of the dungeon, and saw 4 of its levels.

You collected 158 gold pieces.

Inventory:

Hand Weapons
 a - a +0 long sword (weapon)
Armour
 b - a +0 scale mail (worn)
 c - a +0 shield (worn)
Jewellery
 g - an uncursed ring of stealth {unknown}
Scrolls
 i - a scroll of amnesia {unknown}
 j - a scroll of noise {unknown}
 k - 7 scrolls of identify {unknown}
 l - 2 scrolls of enchant armour {unknown}
 m - 3 scrolls of remove curse {unknown}
 n - a scroll of teleportation {unknown}
 o - a scroll of immolation {unknown}
Potions
 d - 2 potions of might
 e - 3 potions of curing
 h - a potion of flight {unknown}
 q - a potion of brilliance {unknown}
Comestibles
 f - 6 rations
 p - 2 chunks of flesh


   Skills:
 + Level 6.8 Fighting
 + Level 1.8 Short Blades
 + Level 4.9 Long Blades
 + Level 1.8 Axes
 + Level 1.8 Maces & Flails
 + Level 1.8 Polearms
 + Level 1.8 Staves
 + Level 1.8 Slings
 + Level 1.8 Bows
 + Level 1.8 Crossbows
 + Level 1.8 Throwing
 + Level 6.8 Armour
 + Level 1.8 Dodging
 + Level 1.8 Stealth
 + Level 6.8 Shields
 + Level 1.8 Unarmed Combat
 + Level 1.8 Spellcasting
 + Level 1.4 Conjurations
 + Level 1.4 Hexes
 + Level 1.4 Charms
 + Level 1.4 Summonings
 + Level 1.4 Necromancy
 + Level 1.4 Translocations
 + Level 1.4 Transmutations
 + Level 1.4 Fire Magic
 + Level 1.4 Ice Magic
 + Level 1.4 Air Magic
 + Level 1.4 Earth Magic
 + Level 1.4 Poison Magic
 + Level 2.0 Invocations
 + Level 1.8 Evocations


You had 8 spell levels left.
You didn't know any spells.
Your spell library was empty.

Dungeon Overview and Level Annotations

Branches:
Dungeon (4/15)
 Temple: D:4-7

Altars:
Ashenzari
Trog


Innate Abilities, Weirdness & Mutations

Your experience applies equally to all skills.
You have very sharp teeth.
Your uncanny sense of smell can sniff out nearby items.


Message History

The mummy is moderately damaged.
The mummy completely misses you.
You riposte.
You hit the mummy but do no damage. You bite the mummy, but do no damage.
The mummy is moderately damaged.
You hit the mummy but do no damage.
The mummy is moderately damaged.
You hit the mummy. Your bite misses the mummy.
The mummy is moderately damaged.
The mummy hits you.
You hit the mummy but do no damage.
The mummy is moderately damaged.
The mummy hits you!
Unknown command.
You barely miss the mummy.
The mummy is moderately damaged.
Unknown command.
You slash the mummy! You bite the mummy.
The mummy is severely damaged.
The mummy hits you!
You die...

.####+
#....###+### +#
##+#.......# ..$∆
#..#.......# ....
#..#.......#
.....#..#.......#
...............$#
#+##.##..##..####
#....#..#
#...@#..# .
####M#.## . ∆∆..#
. ∆ #### . . ∆ ∆
. #


You could see a mummy.

Vanquished Creatures
  An orc priest (D:4)
  A centaur skeleton (D:4)
  4 orc wizards (D:4)
  A gnoll (D:1)
  An ooze (D:1)
  An adder skeleton (D:4)
  A worm (D:2)
  2 dart slugs (D:1)
  3 leopard geckos
  6 orcs
  3 giant cockroaches
  4 goblins
  5 hobgoblins
  4 jackals
  11 kobolds
  A quokka (D:3)
  6 bats
  3 frilled lizards
  3 kobold zombies (D:4)
  An orc zombie (D:4)
  10 rats
72 creatures vanquished.

Notes
Turn   | Place    | Note
-------+----------+-------------------------------------------
     0 | D:1      | Peloso the Gnoll Fighter began the quest for the Orb.
     0 | D:1      | Reached XP level 1. HP: 23/23 MP: 1/1
    66 | D:1      | Reached XP level 2. HP: 27/29 MP: 2/2
   232 | D:1      | Reached XP level 3. HP: 24/35 MP: 3/3
   700 | D:2      | Reached skill level 1 in Invocations
  1074 | D:2      | Reached skill level 1 in Short Blades
  1074 | D:2      | Reached skill level 1 in Axes
  1074 | D:2      | Reached skill level 1 in Maces & Flails
  1074 | D:2      | Reached skill level 1 in Polearms
  1074 | D:2      | Reached skill level 1 in Staves
  1074 | D:2      | Reached skill level 1 in Slings
  1074 | D:2      | Reached skill level 1 in Bows
  1074 | D:2      | Reached skill level 1 in Crossbows
  1074 | D:2      | Reached skill level 1 in Throwing
  1074 | D:2      | Reached skill level 1 in Dodging
  1074 | D:2      | Reached skill level 1 in Stealth
  1074 | D:2      | Reached skill level 1 in Unarmed Combat
  1074 | D:2      | Reached skill level 1 in Spellcasting
  1074 | D:2      | Reached skill level 1 in Evocations
  1323 | D:2      | Reached XP level 4. HP: 39/41 MP: 5/5
  1669 | D:3      | Found a bloodstained altar of Trog.
  1875 | D:3      | Found a faded altar of an unknown god.
  2022 | D:4      | Reached skill level 1 in Conjurations
  2022 | D:4      | Reached skill level 1 in Hexes
  2022 | D:4      | Reached skill level 1 in Charms
  2022 | D:4      | Reached skill level 1 in Summonings
  2022 | D:4      | Reached skill level 1 in Necromancy
  2022 | D:4      | Reached skill level 1 in Translocations
  2022 | D:4      | Reached skill level 1 in Transmutations
  2022 | D:4      | Reached skill level 1 in Fire Magic
  2022 | D:4      | Reached skill level 1 in Ice Magic
  2022 | D:4      | Reached skill level 1 in Air Magic
  2022 | D:4      | Reached skill level 1 in Earth Magic
  2022 | D:4      | Reached skill level 1 in Poison Magic
  2099 | D:4      | Reached XP level 5. HP: 38/47 MP: 5/7
  2309 | D:3      | Found a shattered altar of Ashenzari.
  2721 | D:4      | Reached XP level 6. HP: 26/53 MP: 8/8
  2830 | D:4      | Slain by a mummy

Levels and vault maps discovered:
D:1:      kennysheep_arrival_seaside, layout_basic
D:2:      layout_loops_ring, serial_park_tiny_2
D:3:      layout_loops_corners, lemuel_coloured_pillars_altar,
          chequers_ecumenical_altar_island, ashenzari_altar_1
D:4:      layout_gridville, hellmonk_ghost_happy_afterlife, minmay_mini_ossuary

Skill      XL: |  1  2  3  4  5  6 |
---------------+-------------------+-----
Invocations    | 1 2 |  2.0
Short Blades   | 1 |  1.8
Axes           | 1 |  1.8
Maces & Flails | 1 |  1.8
Polearms       | 1 |  1.8
Staves         | 1 |  1.8
Slings         | 1 |  1.8
Bows           | 1 |  1.8
Crossbows      | 1 |  1.8
Throwing       | 1 |  1.8
Dodging        | 1 |  1.8
Stealth        | 1 |  1.8
Unarmed Combat | 1 |  1.8
Spellcasting   | 1 |  1.8
Evocations     | 1 |  1.8
Conjurations   | 1 |  1.4
Hexes          | 1 |  1.4
Charms         | 1 |  1.4
Summonings     | 1 |  1.4
Necromancy     | 1 |  1.4
Translocations | 1 |  1.4
Transmutations | 1 |  1.4
Fire Magic     | 1 |  1.4
Ice Magic      | 1 |  1.4
Air Magic      | 1 |  1.4
Earth Magic    | 1 |  1.4
Poison Magic   | 1 |  1.4
Fighting       | |  6.8
Long Blades    | |  4.9
Armour         | |  6.8
Shields        | |  6.8

Action                   |  1- 3 |  4- 6 || total
-------------------------+-------+-------++-------
Melee: Long sword        |    90 |   144 ||   234
       Bite              |     8 |    27 ||    35
  Use: Potion            |     3 |     2 ||     5
  Eat: Chunk             |       |     6 ||     6
Armor: Scale mail        |    40 |    52 ||    92
Dodge: Dodged            |    27 |    41 ||    68
Block: Shield            |    67 |    61 ||   128
       Rpst.: Long sword |    10 |    11 ||    21
